AoeStats
← thejavamonk

Arabian Desert

510526281Analyzed
1v1 RM · 1d ago on Oct 1, 2026· 43m 34s· 2 players
Game mode
Random Map
Map size
Tiny (2 player)
Population
200
Speed
Normal
Resources
Standard
Victory
Conquest
Starting age
Dark Age
Ending age
Imperial Age
RankedLock teamsTeams togetherTeam positionsShared explorationLock speedFull tech treeHidden civsTurbo modeCheats
Victory
Defeat
🇺🇸 Saxons · United States
197
+19
🇮🇳 Byzantines · India
265
-19
FrAnKsnBeAnS670
0:28 Loom
12:25 Feudal Age
14:00 Town Watch
20:52 Horse Collar
23:31 Castle Age
21:34 Double-Bit Axe
21:55 Gold Mining
22:12 Stone Mining
22:32 Fletching
22:54 Padded Archer Armor
29:19 Imperial Age
27:32 Crossbowman
28:36 Bloodlines
28:27 Husbandry
28:57 Man-at-Arms
29:39 Squires
29:25 Gambesons
32:28 Forging
32:04 Arbalester
35:38 Gold Shaft Mining
35:48 Wheelbarrow
36:32 Bodkin Arrow
36:59 Leather Archer Armor
38:20 Bracer
38:52 Ring Archer Armor
42:16 Ballistics
42:57 Chemistry
42:23 Pikeman
thejavamonk
0:37 Loom
13:04 Feudal Age
14:25 Double-Bit Axe
14:26 Horse Collar
21:10 Arson
25:31 Castle Age
24:52 Arson
27:23 Husbandry
26:49 Light Cavalry
27:36 Squires
26:57 Pikeman
27:23 Gambesons
32:50 Bow Saw
33:05 Thumb Ring
32:22 Crossbowman
33:58 Gold Mining
33:59 Stone Mining
40:41 Heavy Plow
Connection lost

Rejoining the realm…

Still unreachable

The connection could not be restored.

Session expired

The server has moved on; the page needs a fresh start.